 Dungeon Crawl Stone Soup version 0.26.1-11-gd32895ea62 (webtiles) character file.

Game seed: 1496541142660797562

269 nothank2 the Cudgeller (level 6, 0/40 HPs)
             Began as a Gargoyle Fighter on July 13, 2021.
             Slain by an orc priest
             ... wielding a cursed +0 whip
              (2 damage)
             ... on level 3 of the Dungeon.
             The game lasted 00:03:56 (1637 turns).

nothank2 the Cudgeller (Gargoyle Fighter)           Turns: 1637, Time: 00:03:57

Health: 0/40       AC: 12    Str: 21    XL:     6   Next: 22%
Magic:  6/6        EV:  7    Int:  9    God:
Gold:   122        SH:  9    Dex:  9    Spells: 5/5 levels left

rFire    . . .     SeeInvis .   a - +0 flail
rCold    . . .     Faith    .   c - +0 kite shield
rNeg     + . .     Spirit   .   b - +0 scale mail
rPois    ∞         Reflect  .   (no helmet)
rElec    +         Harm     .   p - +0 cloak
rCorr    .         Rampage  .   (no gloves)
Will     .....                  (no boots)
Stlth    ..........             (no amulet)
HPRegen  0.13/turn              (no ring)
MPRegen  0.10/turn              (no ring)

@: no status effects
A: negative energy resistance 1, electricity resistance, unbreathing,
petrification resistance, miasma immunity, AC +4
a: no special abilities


You were on level 3 of the Dungeon.
You visited 1 branch of the dungeon, and saw 3 of its levels.

You collected 122 gold pieces.

Inventory:

Hand Weapons
 a - a +0 flail (weapon)
Missiles
 g - 21 poisoned darts (quivered)
Armour
 b - a +0 scale mail (worn)
 c - a +0 kite shield (worn)
 p - a +0 cloak (worn)
Jewellery
 m - an uncursed amulet of faith {unknown}
Scrolls
 f - 4 scrolls of identify {unknown}
 h - a scroll of enchant armour {unknown}
 k - a scroll of random uselessness {unknown}
 o - a scroll of magic mapping {unknown}
 r - a scroll of fog {unknown}
 s - a scroll of remove curse {unknown}
Potions
 d - 2 potions of might
 e - a potion of attraction {unknown}
 i - 2 potions of curing {unknown}
 j - a potion of brilliance {unknown}
 l - a potion of heal wounds
 n - a potion of degeneration {unknown}
 q - 2 potions of magic {unknown}


   Skills:
 + Level 5.0 Fighting
 * Level 5.3 Maces & Flails
 - Level 3.2 Armour
 - Level 3.2 Shields


You had 5 spell levels left.
You didn't know any spells.
Your spell library was empty.

Dungeon Overview and Level Annotations

Branches:
Dungeon (3/15)

Altars:
Fedhas

Annotations:
D:2 exclusion: oklob plant


Innate Abilities, Weirdness & Mutations

You are resistant to torment.
Your stone body is resilient. (AC +4)
You are immune to poison.
You resist negative energy. (rN+)
You are resistant to electric shocks. (rElec)
You can survive without breathing.
You are immune to petrification.
You are immune to miasma.


Message History

The orc priest hits you but does no damage.
The orc hits you but does no damage. x2; The orc closely misses you.
The goblin barely misses you.
The orc priest calls down the wrath of Beogh upon you.
You are unaffected.
You hit the orc priest.
The orc priest is lightly wounded.
You block the orc's attack. The orc hits you but does no damage.
You block the orc's attack. The goblin hits you.
* * * LOW HITPOINT WARNING * * *
The orc priest invokes the aid of Beogh against you.
Pain shoots through your body!
* * * LOW HITPOINT WARNING * * *
The orc hits you but does no damage.
You hit the orc priest.
The orc priest is moderately wounded.
The orc hits you but does no damage. x2
The goblin hits you but does no damage.
The orc priest hits you with a cursed +0 whip.
You die...

....... .......
....(..## .........
........# ## .....K#
..# #..#
#.og######..#)# #..#
#.o@##......#.# #..#
#.#.oo##......#.###..#
#.....(......<....#..#
##...###....#.....#..#
#.............)...#..#
#.....##....#....##..#
#..<. #..............
#.... #..............
#.... #..............


You could see an orc priest, 3 orcs, a goblin and a kobold.

Vanquished Creatures
  A centaur (D:3)
  An orc priest (D:3)
  Crazy Yiuf (D:2)
  Ijyb (D:3)
  Natasha (D:2)
  4 adders
  A worm (D:3)
  A dart slug (D:2)
  2 leopard geckos
  3 orcs (D:3)
  A ball python (D:2)
  7 goblins
  2 hobgoblins (D:2)
  3 jackals (D:2)
  3 quokkas
  6 bats
  2 frilled lizards (D:1)
  5 kobolds
  2 rats
47 creatures vanquished.

Notes
Turn   | Place    | Note
-------+----------+-------------------------------------------
     0 | D:1      | nothank2 the Gargoyle Fighter began the quest for the Orb.
     0 | D:1      | Reached XP level 1. HP: 14/14 MP: 1/1
   186 | D:1      | Reached XP level 2. HP: 19/19 MP: 2/2
   670 | D:2      | Reached XP level 3. HP: 14/24 MP: 3/3
   920 | D:2      | Found a blossoming altar of Fedhas.
   942 | D:2      | Noticed an oklob plant
  1172 | D:2      | Reached XP level 4. HP: 25/29 MP: 4/4
  1218 | D:2      | Noticed Natasha
  1225 | D:2      | Killed Natasha
  1293 | D:2      | Found a runed translucent door.
  1294 | D:2      | Noticed Crazy Yiuf
  1302 | D:2      | Killed Crazy Yiuf
  1303 | D:2      | Reached XP level 5. HP: 28/34 MP: 5/5
  1492 | D:3      | Noticed Ijyb
  1503 | D:3      | Paralysed by Ijyb for 3 turns
  1513 | D:3      | Paralysed by Ijyb for 3 turns
  1519 | D:3      | Paralysed by Ijyb for 3 turns
  1533 | D:3      | Killed Ijyb
  1616 | D:3      | Noticed a centaur
  1630 | D:3      | Killed a centaur
  1631 | D:3      | Reached skill level 5 in Fighting
  1631 | D:3      | Reached skill level 5 in Maces & Flails
  1631 | D:3      | Reached XP level 6. HP: 10/40 MP: 6/6
  1636 | D:3      | HP: 2/40 [orc priest/nerve-wracking pain (6)]
  1637 | D:3      | Slain by an orc priest

Illustrated notes

Levels and vault maps discovered:
D:1:      amcnicky_arrival_choice, layout_basic
D:2:      layout_basic, tgw_fedhas, uniq_crazy_yiuf_cottage, uniq_natasha
D:3:      layout_basic, uniq_ijyb, uniq_robin

Skill      XL: |  1  2  3  4  5 |
---------------+----------------+-----
Maces & Flails | 3 4 5 |  5.3
Fighting       | 4 5 |  5.0
Armour         | |  3.2
Shields        | |  3.2

Action                   |  1- 3 |  4- 6 || total
-------------------------+-------+-------++-------
Melee: Flail             |   114 |   104 ||   218
Throw: Dart              |       |     1 ||     1
Armor: Scale mail        |    71 |    72 ||   143
Dodge: Dodged            |    40 |    48 ||    88
Block: Kite shield       |    62 |    52 ||   114
